 Dungeon Crawl Stone Soup version 0.28-a0-1555-g9ae15a6949 (webtiles) character file.

Game seed: 6817498487504859858

4 HallandMoats the Skirmisher (level 1, -1/19 HPs)
             Began as a Ghoul Monk on Jan 19, 2022.
             Was a Priest of Lugonu.
             Slain by a ball python (3 damage)
             ... on level 1 of the Dungeon.
             The game lasted 00:00:52 (296 turns).

HallandMoats the Skirmisher (Ghoul Monk)             Turns: 296, Time: 00:00:52

Health: -1/19      AC:  3    Str: 14    XL:     1   Next: 70%
Magic:  0/0        EV:  9    Int:  5    God:    Lugonu [***...]
Gold:   13         SH:  0    Dex: 11    Spells: 0/0 levels left

rFire   . . .      SeeInvis .   a - +0 hand axe
rCold   + . .      Faith    .   (no shield)
rNeg    + + +      Spirit   .   b - +0 robe
rPois   ∞          Reflect  .   (no helmet)
rElec   .          Harm     .   (no cloak)
rCorr   .          Rampage  .   (no gloves)
Will    .....                   c - +0 pair of boots
Stlth   ++........              (no amulet)
HPRegen 0.00/turn               (no ring)
MPRegen 0.07/turn               (no ring)

@: inhibited regen, constricted
A: claws 1, cold resistance 1, negative energy resistance 3, inhibited
regeneration, torment resistance 2
a: Renounce Religion, Depart the Abyss, Bend Space, Banish


You were on level 1 of the Dungeon.
You worshipped Lugonu.
Lugonu was most pleased with you.
You visited 1 branch of the dungeon, and saw 1 of its levels.

You collected 13 gold pieces.

Inventory:

Hand Weapons
 a - a +0 hand axe (weapon)
Armour
 b - a +0 robe (worn)
 c - a +0 pair of boots (worn)


   Skills:
 + Level 3.3 Fighting
 * Level 2.8 Axes
 + Level 0.2 Armour
 + Level 2.7 Dodging
 - Level 2.1 Stealth


You couldn't memorise any spells.
You didn't know any spells.
Your spell library was empty.

Dungeon Overview and Level Annotations

Branches:
Dungeon (1/15)

Altars:
Lugonu


Innate Abilities, Weirdness & Mutations

You thrive by killing the living.
You are immune to poison.
You have sharp fingernails.
Your flesh is cold resistant. (rC+)
You are immune to negative energy. (rN+++)
You do not regenerate when monsters are visible.
You are immune to unholy pain and torment.


Message History

The bat closely misses you. The bat hits you.
* * * LOW HITPOINT WARNING * * *
The bat hits you but does no damage. The bat barely misses you.
You slash the plant!
The plant begins to die.
The plant is lightly damaged.
You hit the plant.
The plant begins to die.
A nearby plant withers and dies.
A nearby plant withers and dies.
A bat is nearby!
A bat is nearby!
A bat is nearby!
A bat is nearby!
A bat is nearby!
A bat is nearby!
Found a hand axe.
A ball python comes into view.
Found 5 gold pieces.
A dart slug comes into view.
The dart slug launches a dart at you. The slug dart hits you.
The ball python hisses angrily.
The ball python closely misses you. x2
The ball python bites you. The ball python grabs you.
The ball python constricts you.
The ball python bites you but does no damage.
The ball python constricts you.
The dart slug bites you but does no damage.
The ball python bites you.
* * * LOW HITPOINT WARNING * * *
The ball python constricts you.
* * * LOW HITPOINT WARNING * * *
The ball python barely misses you. The ball python constricts you.
The dart slug launches a dart at you.
The slug dart hits you but does no damage.
The ball python closely misses you. The ball python constricts you.
* * * LOW HITPOINT WARNING * * *
The ball python bites you.
You die...

#.#####
####.....#.###
#.#.#
.....###.#....
#.#.# .....#
#.....#.#.#
.....#
#.....#.#.#
.....#
#.....#.#.###
.....#
#...........#####
.....#
#......S..#......
#....#
#......@.....#
#.##.#
#.....#w#....##
#.##.#
#.............#
#.##.#
#.....#.##.#..#
#.##.#
#.#+#....$.#..#
#.##.# #
#.#.####..#
#.##.# #...# #..#
#.##.#######
########..#
#.##.......#
........#


You could see a dart slug and a ball python.

Vanquished Creatures
  A ball python (D:1)
  An endoplasm (D:1)
  A goblin (D:1)
  A bat (D:1)
4 creatures vanquished.

Vanquished Creatures (others)
  2 fungi (D:1)
  7 plants (D:1)
9 creatures vanquished.

Grand Total: 13 creatures vanquished

Notes
Turn   | Place    | Note
-------+----------+-------------------------------------------
     0 | D:1      | HallandMoats the Ghoul Monk began the quest for the Orb.
     0 | D:1      | Reached XP level 1. HP: 19/19 MP: 0/0
    53 | D:1      | Found a faded altar of an unknown god.
    67 | D:1      | Prayed at the altar of an unknown god.
    67 | D:1      | Became a worshipper of Lugonu the Unformed
    67 | D:1      | Reached * piety under Lugonu
    67 | D:1      | Reached ** piety under Lugonu
    67 | D:1      | Reached *** piety under Lugonu
   296 | D:1      | Slain by a ball python

Illustrated notes

Levels and vault maps discovered:
D:1:      noname_arrival_rooms_in_the_neighbourhood, layout_basic,
          shapermc_ecumenical_altar_mp_ritualfount, minmay_hexomino_c4

Action                   || total
-------------------------++-------
Melee: Hand axe          ||     7
 Stab: Sleeping          ||     3
Armor: Robe              ||    38
Dodge: Dodged            ||    50

Table legend: (Time is in decaauts)
 A = Elapsed time spent in this place.
 B = Non-inter-level travel time spent in this place.
 C = Inter-level travel time spent in this place.
 D = Time resting spent in this place.
 E = Time spent auto-exploring this place.
 F = Levels seen in this place.
 G = Mean time per level.
                   A        B        C        D        E       F      G
               +--------+--------+--------+--------+--------+-----+--------+
         Total |    297 |    297 |      0 |      0 |     55 |   1 |  297.0 |
       Dungeon |    297 |    297 |      0 |      0 |     55 |   1 |  297.0 |
               +--------+--------+--------+--------+--------+-----+--------+

Top non-repeatable levels by time:
     D:1: 297 daAuts
